 Dungeon Sprint DCSS version 0.29.1-15-g9cfb28693d (webtiles) character file.

Game seed: 10483992088653616622

511 Groucho the Covert (level 6, -5/28 HPs)
             Began as a Spriggan Earth Elementalist on Mar 28, 2023.
             Was a Follower of Dithmenos.
             Killed from afar by a deep elf pyromancer (18 damage)
             ... with a bolt of fire
             ... in the Dungeon (Sprint III: "The Ten Rune Challenge") on Mar 29, 2023.
             The game lasted 00:05:15 (2058 turns).

Groucho the Covert (Spriggan Earth Elementalist)    Turns: 2058, Time: 00:05:16

Health: -5/28      AC:  2    Str:  6    XL:     6   Next: 99%
Magic:  1/20       EV: 18    Int: 16    God:    Dithmenos [*.....]
Gold:   26         SH:  0    Dex: 16    Spells: 21/25 levels left

rFire   . . .      SeeInvis +   i - +0 dagger
rCold   . . .      Faith    .   (no shield)
rNeg    . . .      Spirit   .   a - +0 robe
rPois   .          Reflect  .   (helmet restricted)
rElec   .          Harm     .   (no cloak)
rCorr   .          Rampage  .   (gloves unavailable)
Will    +....      NoTele   +   (boots unavailable)
Stlth   ++++++....              (no amulet)
HPRegen 0.09/turn               (no ring)
MPRegen 0.17/turn               (no ring)

@: very slightly contaminated, wreathed by umbra, very quick
A: very small, no large weapons, unfitting armour, see invisible, speed 3
a: Renounce Religion


You were in the Dungeon.
You worshipped Dithmenos.
Dithmenos was aware of your devotion.
You visited 1 branch You collected 26 gold pieces.

Inventory:

Hand Weapons
 i - a +0 dagger (weapon)
Missiles
 h - 3 stones
Armour
 a - a +0 robe (worn)
Scrolls
 g - a scroll of blinking
 k - 3 scrolls of immolation {unknown}
 l - 4 scrolls of identify
Potions
 b - 3 potions of magic
 c - 2 potions of curing
 e - a potion of haste
 f - 2 potions of berserk rage
 j - 4 potions of mutation {unknown}
 m - 2 potions of flight
 n - 2 potions of might


   Skills:
 + Level 0.0 Short Blades
 + Level 3.7 Dodging
 + Level 11.3 Stealth
 + Level 10.1 Spellcasting
 * Level 0.0 Conjurations
 - Level 1.3 Transmutations
 * Level 9.9 Earth Magic
 * Level 0.0 Invocations


You had 21 spell levels left.
You knew the following spells:

 Your Spells              Type           Power      Damage    Failure   Level
a - Sandblast             Erth           78%        2d17      1%          1
b - Stone Arrow           Conj/Erth      46%        3d9       3%          3

Your spell library contained the following spells:

 Spells                   Type           Power      Damage    Failure   Level
 Passwall                 Tmut/Erth      21%        N/A       1%          2
 Wereblood                Tmut           12%        N/A       8%          2
 Petrify                  Tmut/Erth      26%        N/A       9%          4
 Sublimation of Blood     Necr           8%         N/A       14%         2
 Summon Forest            Summ/Tloc      4%         N/A       94%         5
 Summon Mana Viper        Hex/Summ       8%         N/A       94%         5
 Summon Cactus Giant      Summ           4%         N/A       100%        6
 Summon Hydra             Summ           4%         N/A       100%        7


Dungeon Overview and Level Annotations

Branches:
Dungeon (1/1)

Altars:
Dithmenos
Elyvilon
Kikubaaqudgha
Okawaru
Ru
Sif Muna
Trog
Uskayaw
Vehumet
Wu Jian
Yredelemnul
Zin
The Shining One


Innate Abilities, Weirdness & Mutations

You are very small and have problems with some larger weapons.
You are too small for most types of armour.
You have supernaturally acute eyesight. (SInv)
You cover ground extremely quickly. (Speed+++)


Message History

Aiming: Stone Arrow (dangerous; 3% risk of failure)
Press: ? - help, Shift-Dir - straight line, f/p - fire elemental
Aim: a fire elemental (moderately damaged, summoned, umbra, 64% to hit)
You miscast Stone Arrow.
You are very lightly contaminated with residual magic.
Nothing appears to happen.
The fire elemental closely misses you.
Unknown command.
Unknown command.
Casting: Stone Arrow (dangerous; 3% risk of failure)
Confirm with . or Enter, or press ? or * to list all spells.
Aiming: Stone Arrow (dangerous; 3% risk of failure)
Press: ? - help, Shift-Dir - straight line, f/p - fire elemental
Aim: a fire elemental (moderately damaged, summoned, umbra, 64% to hit)
You miscast Stone Arrow.
Nothing appears to happen.
The fire elemental hits you. The fire elemental burns you!
Unknown command.
Unknown command.
Casting: Stone Arrow (dangerous; 3% risk of failure)
Confirm with . or Enter, or press ? or * to list all spells.
You don't have enough magic to cast this spell.
Unknown command.
You feel much better. The fire elemental closely misses you.
The fire elemental hits you. The fire elemental burns you!
Casting: Stone Arrow (dangerous; 3% risk of failure)
Confirm with . or Enter, or press ? or * to list all spells.
Aiming: Sandblast (safe; 1% risk of failure)
Press: ? - help, Shift-Dir - straight line, f/p - fire elemental
Aim: a fire elemental (moderately damaged, summoned, umbra, 80% to hit)
The blast of sand hits the fire elemental!!
The fire elemental is almost destroyed.
The fire elemental hits you. The fire elemental burns you!
* * * LOW HITPOINT WARNING * * *
The fire elemental closely misses you.
Unknown command.
You feel better.
The deep elf pyromancer casts a spell at you.
The bolt of fire hits the fire elemental.
The fire elemental completely resists.
The bolt of fire hits you!!
Ouch! That really hurt!
You die...

▓ ▓▓▓ ♣
♣.############
♣♣.#___#___#__# ♣
♣..#☼☼.#__)#._#
♣♣♣♣♣.###'#'###)##
♣.....#.....e..E@#
~.....'.⌠........#
~~~...#...######+#
~~....#.⌠.#
~.....#...#
......#'###
......#.))#
......#___#
▓▓▓▓▓▓▓▓▓▓▓


You could see a deep elf pyromancer and a fire elemental (summoned).

Vanquished Creatures
  A necrophage (D)
  A water elemental (D)
  A wizard (D)
  Jessica (D)
  A necromancer (D)
  A kobold demonologist (D)
  3 humans (D)
  A wolf (D)
  2 endoplasms (D)
  A rat (D)
13 creatures vanquished.

Notes
Turn   | Place    | Note
-------+----------+-------------------------------------------
     0 | D        | Groucho the Spriggan Earth Elementalist began the quest for
                  | the Orb.
     0 | D        | Reached XP level 1. HP: 9/9 MP: 5/5
   247 | D        | Noticed Jessica
   582 | D        | Killed Jessica
   583 | D        | Reached skill level 5 in Stealth
   583 | D        | Reached XP level 2. HP: 9/13 MP: 1/8
   583 | D        | Reached XP level 3. HP: 11/16 MP: 1/9
   863 | D        | Reached skill level 6 in Stealth
   863 | D        | Reached skill level 5 in Earth Magic
  1010 | D        | Reached skill level 5 in Spellcasting
  1377 | D        | Noticed a water elemental
  1389 | D        | Killed a water elemental
  1390 | D        | Reached skill level 8 in Stealth
  1390 | D        | Reached XP level 4. HP: 21/21 MP: 9/13
  1652 | D        | Found a shadowy altar of Dithmenos.
  1652 | D        | Noticed a necrophage
  1653 | D        | Found a basalt altar of Yredelemnul.
  1653 | D        | Found a sacrificial altar of Ru.
  1657 | D        | Reached XP level 5. HP: 24/24 MP: 13/15
  1671 | D        | Reached skill level 9 in Stealth
  1689 | D        | Became a worshipper of Dithmenos the Shadowed
  1844 | D        | Found a radiant altar of Vehumet.
  1845 | D        | Found a shimmering blue altar of Sif Muna.
  1845 | D        | Found an ancient bone altar of Kikubaaqudgha.
  1867 | D        | Found a hide-covered altar of Uskayaw.
  1867 | D        | Found an iron altar of Okawaru.
  1868 | D        | Found a bloodstained altar of Trog.
  1868 | D        | Found an ornate altar of the Wu Jian Council.
  1868 | D        | Noticed a human
  1868 | D        | Noticed a human
  1870 | D        | Killed a human
  1870 | D        | Reached * piety under Dithmenos
  1871 | D        | Reached skill level 10 in Stealth
  1871 | D        | Reached XP level 6. HP: 28/28 MP: 17/19
  1871 | D        | Killed a human
  1872 | D        | Reached skill level 11 in Stealth
  1872 | D        | Reached skill level 10 in Spellcasting
  1880 | D        | Learned a level 3 spell: Stone Arrow
  2039 | D        | Found a glowing silver altar of Zin.
  2040 | D        | Found a glowing golden altar of the Shining One.
  2041 | D        | Found a white marble altar of Elyvilon.
  2042 | D        | Noticed a deep elf pyromancer
  2045 | D        | Noticed a fire elemental
  2045 | D        | Noticed a fire elemental
  2058 | D        | Killed from afar by a deep elf pyromancer

Illustrated notes

Levels and vault maps discovered:
D:        dungeon_sprint_mu [sprint_mu_entry_forest, sprint_mu_temple_rooms,
          sprint_mu_d1_horrors, sprint_mu_d2_genie, sprint_mu_d3_branching,
          sprint_mu_orc_legion, sprint_mu_elf_gauntlet, sprint_mu_hive_nellie,
          sprint_mu_lair_fedhas, sprint_mu_vaults_butterflies,
          sprint_mu_slime_circle, sprint_mu_shoals_archi,
          sprint_mu_snake_twists, sprint_mu_blade_basic, sprint_mu_crypt_lich,
          sprint_mu_tomb_spiral, sprint_mu_vestibule_basic,
          sprint_mu_gehenna_hellfire, sprint_mu_dis_giant,
          sprint_mu_tartarus_statrot, sprint_mu_cocytus_islands, sprint_mu_zot1]

Skill      XL: |  1  2  3  4  5  6 |
---------------+-------------------+-----
Spellcasting   | 4 6 9 10 | 10.1
Earth Magic    | 4 6 7 9 |  9.9
Stealth        | 5 8 10 11 | 11.3
Dodging        | 3 |  3.7
Transmutations | |  1.3

Action                   |  1- 3 |  4- 6 || total
-------------------------+-------+-------++-------
Melee: Dagger            |     1 |     4 ||     5
 Cast: Sandblast         |    16 |     8 ||    24
       Stone Arrow       |       |     4 ||     4
  Use: Potion            |       |     2 ||     2
 Stab: Sleeping          |     1 |     4 ||     5
Armor: Robe              |       |     1 ||     1
Dodge: Dodged            |     6 |     7 ||    13
